 Dungeon Crawl Stone Soup version 0.23-a0-767-gdc19b93d68 (webtiles) character file.

646 Oravi the Vandal (level 7, -3/52 HPs)
             Began as a Formicid Arcane Marksman on Jan 26, 2019.
             Was an Initiate of Okawaru.
             Killed from afar by an orc wizard (5 damage)
             ... with a magic dart
             ... on level 5 of the Dungeon.
             The game lasted 00:36:21 (6791 turns).

Oravi the Vandal (Formicid Arcane Marksman)         Turns: 6791, Time: 00:36:22

Health: -3/52      AC: 10    Str: 14    XL:     7   Next: 82%
Magic:  12/12      EV: 11    Int: 15    God:    Okawaru [......]
Gold:   236        SH:  0    Dex: 11    Spells: 7/13 levels left

rFire    . . .     SeeInvis +   a - +0 hunting sling
rCold    . . .     Gourm    .   (no shield)
rNeg     . . .     Faith    .   b - +0 ring mail
rPois    .         Spirit   .   (helmet unavailable)
rElec    .         Reflect  .   (no cloak)
rCorr    .         Harm     .   (no gloves)
MR       +....                  (no boots)
Stlth    +.........             (no amulet)
HPRegen  0.17/turn              k - ring of protection from magic
MPRegen  0.13/turn              v - +5 ring of protection

@: no status effects
A: permanent stasis, dig shafts and tunnels, four strong arms, antennae 3
a: Dig, Shaft Self, Renounce Religion


You were on level 5 of the Dungeon.
You worshipped Okawaru.
Okawaru was noncommittal.
You were not hungry.

You visited 2 branches of the dungeon, and saw 6 of its levels.

You collected 236 gold pieces.

Inventory:

Hand Weapons
 a - a +0 hunting sling (weapon)
 l - a +1 whip of electrocution
 r - a +0 dagger
 w - a +0 war axe
 A - a cursed -2 flail
Missiles
 d - 9 sling bullets
 g - 19 stones (quivered)
 i - 25 poisoned needles
 x - 40 arrows
Armour
 b - a +0 ring mail (worn)
 e - a +0 robe
Jewellery
 k - a ring of protection from magic (left hand)
 u - an uncursed ring of stealth
 v - a +5 ring of protection (right hand)
 y - an uncursed ring of magical power
Scrolls
 h - a scroll of magic mapping
 m - 2 scrolls of fog {unknown}
 o - 3 scrolls of teleportation {unknown}
 p - 2 scrolls of enchant armour {unknown}
 q - 2 scrolls of enchant weapon {unknown}
 z - a scroll of remove curse {unknown}
Potions
 c - 3 potions of curing {@q1}
 j - a potion of lignification {unknown}
 n - 2 potions of magic
 s - 2 potions of agility {unknown}
 t - a potion of haste {unknown}
 C - a potion of berserk rage {unknown}
Comestibles
 f - 10 rations
 B - 2 chunks of flesh


   Skills:
 + Level 3.6 Fighting
 * Level 6.0 Slings
 - Level 1.7 Dodging
 + Level 3.6 Spellcasting
 + Level 5.5 Hexes


You had 7 spell levels left.
You knew the following spells:

 Your Spells              Type           Power        Failure   Level  Hunger
a - Corona                Hex            ###....      4%          1    None
b - Slow                  Hex            ###.....     6%          2    ##.....
c - Portal Projectile     Hex/Tloc       ##....       36%         3    ###....

Your spell library contained the following spells:

 Spells                   Type           Power        Failure   Level  Hunger
 Inner Flame              Hex/Fire       ##......     36%         3    ###....
 Cause Fear               Hex            ###.......   36%         4    ####...
 Leda's Liquefaction      Hex/Erth       ##........   77%         4    ####...


Dungeon Overview and Level Annotations

Branches:
Dungeon (5/15)             Temple (1/1) D:4

Altars:
Cheibriados
Fedhas
Makhleb
Okawaru
Qazlal
Ru
Sif Muna
Wu Jian
Xom
Yredelemnul
Zin
The Shining One

Annotations:
D:3 exclusion: orc warrior
D:4 Dowan, Duvessa, Grinder


Innate Abilities, Weirdness & Mutations

You cannot be hasted, slowed, berserked, paralysed or teleported.
You can dig through walls and to a lower floor.
Your four strong arms can wield two-handed weapons with a shield.
You have a pair of large antennae on your head. (SInv)


Message History

The orc priest mumbles some strange prayers to Beogh against you.
Beogh smites you!
* * * LOW HITPOINT WARNING * * *
The bullfrog zombie closely misses you.
The orc wizard casts a spell.
The orc wizard blinks!
The orc wizard points at you and mumbles some strange words.
The puff of frost hits you!
* * * LOW HITPOINT WARNING * * *
There is an open door here.
The bullfrog zombie misses you.
The bullfrog zombie hits you but does no damage.
The orc wizard casts a cantrip, but nothing happens.
The orc wizard gestures wildly while chanting.
The orc wizard flickers and vanishes for a moment.
The bullfrog zombie hits you.
* * * LOW HITPOINT WARNING * * *
The orc wizard casts a spell at you. The magic dart hits you!
You die...

...#..# #....# ..
...+..# #....# .
......# #....#
......#
#######+#....#
#._8_.###.........#
........#.........#
o.......#.......).#
........#....oZ...+
...#....'...o...@.#
...#....#........##
{
..##.##+#.....####
## ###....#####.. #
#..........# { ##
#....#####.. .#
#..... .## #.#####
#.# #.


You could see 2 orc wizards and a bullfrog zombie.

Vanquished Creatures
  A water moccasin skeleton (D:5)
  A howler monkey (D:3)
  A crimson imp (D:3)
  2 hounds
  A bullfrog skeleton (D:4)
  A centaur skeleton (D:5)
  2 orc priests
  A gnoll shaman (D:4)
  An iguana (D:4)
  2 orc wizards
  7 adders
  5 gnolls
  An ooze (D:3)
  2 worms
  3 dart slugs
  6 leopard geckos
  9 orcs
  4 giant cockroaches
  21 goblins
  10 hobgoblins
  7 jackals
  7 kobolds
  A quokka (D:2)
  3 ball pythons
  7 bats
  7 frilled lizards
  A leopard gecko zombie (D:5)
  7 rats
121 creatures vanquished.

Notes
Turn   | Place    | Note
-------+----------+-------------------------------------------
     0 | D:1      | Oravi the Formicid Arcane Marksman began the quest for the
                  | Orb.
     0 | D:1      | Reached XP level 1. HP: 15/15 MP: 2/2
    86 | D:1      | Reached XP level 2. HP: 21/21 MP: 2/4
    90 | D:1      | Learned a level 2 spell: Slow
   347 | D:1      | Reached skill level 3 in Slings
   375 | D:1      | Reached XP level 3. HP: 26/26 MP: 5/5
   461 | D:1      | Found a shimmering altar of Xom.
   999 | D:2      | Reached XP level 4. HP: 32/32 MP: 4/6
  1374 | D:2      | Found a blossoming altar of Fedhas.
  1951 | D:2      | Reached XP level 5. HP: 38/38 MP: 6/8
  2367 | D:3      | Found a glowing golden altar of the Shining One.
  2578 | D:3      | Reached skill level 4 in Slings
  3123 | D:4      | Found a staircase to the Ecumenical Temple.
  3146 | D:4      | Learned a level 3 spell: Portal Projectile
  3163 | Temple   | Entered the Ecumenical Temple
  3172 | Temple   | Became a worshipper of Warmaster Okawaru
  3311 | D:4      | Noticed Grinder
  3811 | D:3      | Reached XP level 6. HP: 34/46 MP: 5/9
  3964 | D:3      | Found a glowing golden altar of the Shining One.
  4169 | D:4      | Noticed Dowan
  4169 | D:4      | Noticed Duvessa
  4436 | D:4      | Noticed an orc warrior
  4610 | D:3      | HP: 2/46 [orc warrior/cursed -1 dire flail (23)]
  5300 | D:5      | Entered Level 5 of the Dungeon
  5505 | D:4      | Reached skill level 5 in Slings
  5608 | D:4      | Reached skill level 5 in Hexes
  5687 | D:4      | Reached XP level 7. HP: 38/52 MP: 6/11
  6433 | D:5      | Found a deep blue altar of Sif Muna.
  6433 | D:5      | Found a sacrificial altar of Ru.
  6519 | D:5      | Found a burning altar of Makhleb.
  6521 | D:5      | Found a glowing silver altar of Zin.
  6521 | D:5      | Noticed an angel
  6522 | D:5      | Noticed a green death
  6760 | D:5      | Reached skill level 6 in Slings
  6790 | D:5      | HP: 2/52 [bullfrog zombie (3)]
  6791 | D:5      | Killed from afar by an orc wizard

Vault maps used:
D:1:      shiori_arrival_maze, xom_teletrap_fun
D:2:      old_standard_altar, minmay_misc_feat_cross, minmay_goblin_outpost
D:3:      lemuel_doored_altar, first_ration
D:4:      minmay_temple_entry_glass, uniq_duvessa, uniq_natasha, uniq_grinder,
          uniq_sigmund
D:5:      minmay_general_purpose_star, grunt_temple_overflow_opulence,
          grunt_temple_overflow_order_and_chaos_2,
          ashenzari_conservatory_becter,
          chequers_temple_overflow_statue_of_worship,
          corexii_item_surrounded_by_moat
Temple:   dpeg_three_leaves_temple

Skill      XL: |  1  2  3  4  5  6  7 |
---------------+----------------------+-----
Slings         | 3 4 5 6 |  6.0
Hexes          | 4 5 |  5.5
Spellcasting   | 2 3 |  3.6
Fighting       | 2 3 |  3.6
Dodging        | |  1.7

Action                   |  1- 3 |  4- 6 |  7- 9 || total
-------------------------+-------+-------+-------++-------
 Fire: Hunting sling     |    95 |   324 |   119 ||   538
 Cast: Corona            |    29 |    79 |    15 ||   123
       Slow              |       |    24 |     4 ||    28
  Use: Scroll            |       |     4 |       ||     4
       Potion            |       |     1 |       ||     1
  Eat: Chunk             |     1 |    10 |     4 ||    15
       Ration            |       |     2 |       ||     2
Armor: Robe              |     6 |    18 |       ||    24
       Ring mail         |       |    27 |    37 ||    64
Dodge: Dodged            |    33 |    93 |    52 ||   178

Table legend:
 A = Non-vault XP
 B = Vault XP
 C = Vault XP percentage of total XP
 D = Non-vault monster count
 E = Vault monster count
 F = Vault count percentage of total count
                 A         B        C        D         E       F
            +---------+---------+-------+---------+---------+-------
      Total |     888 |      36 |   3.9 |     108 |      13 |  10.7
            +---------+---------+-------+---------+---------+-------
        D:1 |      50 |       3 |   5.7 |      30 |       2 |   6.2
        D:2 |      67 |      19 |  22.1 |      21 |      10 |  32.3
        D:3 |     244 |       0 |   0.0 |      28 |       0 |   0.0
        D:4 |     295 |       0 |   0.0 |      17 |       0 |   0.0
        D:5 |     232 |      14 |   5.7 |      12 |       1 |   7.7
            +---------+---------+-------+---------+---------+-------
